 Dungeon Crawl Stone Soup version 0.31-a0-986-g5e6e4ef867 (webtiles) character file.

Game seed: 1534722496341370955

225 Danienth the Magician (level 6, -1/55 HPs)
             Began as a Naga Earth Elementalist on Nov 8, 2023.
             Slain by a scorpion (3 damage)
             ... on level 4 of the Dungeon.
             The game lasted 00:14:28 (4210 turns).

Danienth the Magician (Naga Earth Elementalist)     Turns: 4210, Time: 00:14:28

Health: -1/55      AC:  4    Str: 10    XL:     6   Next: 1%
Magic:  2/12       EV: 10    Int: 15    God:
Gold:   97         SH:  0    Dex: 14    Spells: 10/13 levels left

rFire   . . .        (no weapon)
rCold   . . .        (no shield)
rNeg    + + .        a - +0 robe
rPois   +            k - +0 helmet
rElec   .            (no cloak)
rCorr   .            (no gloves)
SInv    +            (no barding)
Will    .....        c - amulet of the acrobat
Stlth   ++           e - ring of positive energy
HPRegen 0.29/turn    j - ring of positive energy
MPRegen 0.13/turn

%: acrobat
@: lethally poisoned (-1 -> -8), very slow
A: AC +2, large, see invisible, deformed body, poison resistance, slowness 2,
spit poison 1, naga tail 1
a: Spit Poison


You were on level 4 of the Dungeon.
You visited 1 branch of the dungeon, and saw 4 of its levels.

You collected 97 gold pieces.

Inventory:

Missiles
 g - 4 poisoned darts (quivered)
 o - 3 boomerangs
Armour
 a - a +0 robe (worn)
 k - a +0 helmet (worn)
Jewellery
 c - an amulet of the acrobat (around neck)
 e - a ring of positive energy (left hand)
 j - a ring of positive energy (right hand)
 l - a ring of flight
Scrolls
 d - a scroll of identify
 h - a scroll of fog
 i - 2 scrolls of enchant weapon {unknown}
 m - a scroll of teleportation {unknown}
Potions
 b - 2 potions of magic
 f - 2 potions of curing
 n - a potion of haste {unknown}


   Skills:
 * Level 2.5 Fighting
 - Level 1.8 Dodging
 - Level 3.5 Stealth
 - Level 4.0 Spellcasting
 - Level 1.4 Transmutations
 + Level 3.7 Earth Magic


You had 10 spell levels left.
You knew the following spells:

 Your Spells              Type           Power      Damage    Failure   Level
a - Sandblast             Erth           28%        2d8       3%          1
b - Passwall              Tmut/Erth      8%         N/A       10%         2

Your spell library contained the following spells:

 Spells                   Type           Power      Damage    Failure   Level
 Stone Arrow              Conj/Erth      16%        3d8       26%         3
 Inner Flame              Hex/Fire       3%         N/A       47%         3
 Ozocubu's Armour         Ice            3%         N/A       47%         3
 Petrify                  Tmut/Erth      10%        N/A       52%         4
 Brom's Barrelling Bould  Conj/Erth      8%         2d3       63%         4
 Flame Wave               Conj/Fire      3%         2d5       87%         4
 Sticky Flame             Conj/Fire      3%         2d3       87%         4
 Metabolic Englaciation   Hex/Ice        1%         N/A       99%         5
 Simulacrum               Ice/Necr       1%         N/A       100%        6


Dungeon Overview and Level Annotations

Branches:
Dungeon (4/15)
 Temple: D:4-7

Altars:
Fedhas
Makhleb
Uskayaw

Shops:
D:4 *

Annotations:
D:4 2 transporters


Innate Abilities, Weirdness & Mutations

Your serpentine skin is tough. (AC +2)
You have supernaturally acute eyesight. (SInv)
Armour fits poorly on your strangely shaped body.
Your system is resistant to poisons. (rPois)
You cover ground very slowly.
You can spit poison.
You have a snake-like lower body.


Message History

Aim: a scorpion (severely wounded, 82% to hit)
The blast of sand misses the scorpion.
The blast of sand hits the endoplasm.
The endoplasm is heavily wounded.
You feel extremely sick.
The scorpion stings you but does no damage.
The scorpion stings you.
You are more poisoned.
The scorpion poisons you!
Casting: Sandblast (safe; 3% risk of failure)
Confirm with . or Enter, or press ? or * to list all spells.
Aiming: Sandblast (safe; 3% risk of failure)
Press: ? - help, Shift-Dir - straight line, f/p - scorpion
Aim: a scorpion (severely wounded, 82% to hit)
The blast of sand hits the scorpion but does no damage.
The scorpion is severely wounded.
You feel extremely sick. The scorpion barely misses you.
The scorpion stings you!
* * * LOW HITPOINT WARNING * * *
Casting: Sandblast (safe; 3% risk of failure)
Confirm with . or Enter, or press ? or * to list all spells.
Aiming: Sandblast (safe; 3% risk of failure)
Press: ? - help, Shift-Dir - straight line, f/p - scorpion
Aim: a scorpion (severely wounded, 82% to hit)
The blast of sand hits the scorpion.
The scorpion is severely wounded.
* * * LOW HITPOINT WARNING * * *
You feel very sick. The scorpion stings you.
* * * LOW HITPOINT WARNING * * *
Casting: Sandblast (safe; 3% risk of failure)
Confirm with . or Enter, or press ? or * to list all spells.
Aiming: Sandblast (safe; 3% risk of failure)
Press: ? - help, Shift-Dir - straight line, f/p - scorpion
Aim: a scorpion (severely wounded, 82% to hit)
The blast of sand hits the scorpion.
The scorpion is almost dead.
* * * LOW HITPOINT WARNING * * *
You feel very sick. The scorpion barely misses you. The scorpion stings you.
You die...

######################
#>.Js@................
.....K##################
....) ...) ... .. .


You could see a scorpion, an endoplasm and a kobold.

Vanquished Creatures
  2 jellies (D:4)
  7 adders
  A worm (D:2)
  4 dart slugs
  4 orcs (D:4)
  4 bats
  8 endoplasms
  12 giant cockroaches
  10 goblins
  8 hobgoblins
  2 quokkas
  6 ball pythons
  3 frilled lizards
  4 kobolds
  12 rats
87 creatures vanquished.

Notes
Turn   | Place    | Note
-------+----------+-------------------------------------------
     0 | D:1      | Danienth the Naga Earth Elementalist began the quest for
                  | the Orb.
     0 | D:1      | Reached XP level 1. HP: 15/15 MP: 3/3
   223 | D:1      | Reached XP level 2. HP: 22/22 MP: 3/5
   922 | D:1      | Reached XP level 3. HP: 28/28 MP: 1/6
  1733 | D:2      | Reached skill level 3 in Spellcasting
  1763 | D:2      | Reached XP level 4. HP: 33/36 MP: 4/8
  1970 | D:2      | Learned a level 2 spell: Passwall
  2490 | D:2      | Reached skill level 4 in Spellcasting
  2635 | D:2      | Reached XP level 5. HP: 43/43 MP: 7/11
  3093 | D:3      | Reached skill level 1 in Fighting
  3758 | D:4      | Found Wyruffaysu's General Store.
  3790 | D:4      | Found a transporter.
  3815 | D:4      | Found a transporter.
  4061 | D:4      | Found a blossoming altar of Fedhas.
  4064 | D:4      | Found a hide-covered altar of Uskayaw.
  4068 | D:4      | Found a burning altar of Makhleb.
  4200 | D:4      | Reached XP level 6. HP: 55/55 MP: 10/12
  4210 | D:4      | HP: 2/55 [poisoned by a scorpion]
  4210 | D:4      | Slain by a scorpion

Illustrated notes

Levels and vault maps discovered:
D:1:      dreamdust_arrival_sigmund_warning, layout_loops_corners
D:2:      layout_basic, minmay_rat_gold_closets
D:3:      layout_basic
D:4:      gammafunk_steamed_eel, layout_basic, grunt_temple_overflow_diamond,
          serial_shops, shop, uniq_blork_the_orc

Skill      XL: |  1  2  3  4  5 |
---------------+----------------+-----
Spellcasting   | 3 4 |  4.0
Fighting       | 2 |  2.5
Dodging        | |  1.8
Stealth        | |  3.5
Transmutations | |  1.4
Earth Magic    | |  3.7

Action                     |  1- 3 |  4- 6 || total
---------------------------+-------+-------++-------
  Melee: Unarmed           |     6 |     8 ||    14
   Cast: Sandblast         |    68 |    89 ||   157
Ability: Spit Poison       |       |     2 ||     2
    Use: Scroll            |       |     3 ||     3
   Stab: Sleeping          |       |     1 ||     1
 Armour: Robe              |    26 |    32 ||    58
  Dodge: Dodged            |    22 |    21 ||    43

Table legend: (Time is in decaauts)
 A = Elapsed time spent in this place.
 B = Non-inter-level travel time spent in this place.
 C = Inter-level travel time spent in this place.
 D = Time resting spent in this place.
 E = Time spent auto-exploring this place.
 F = Levels seen in this place.
 G = Mean time per level.
                   A        B        C        D        E       F      G
               +--------+--------+--------+--------+--------+-----+--------+
         Total |   5276 |   5096 |    180 |    357 |   4104 |   4 | 1319.0 |
       Dungeon |   5276 |   5096 |    180 |    357 |   4104 |   4 | 1319.0 |
               +--------+--------+--------+--------+--------+-----+--------+

Top non-repeatable levels by time:
     D:1: 1928 daAuts
     D:2: 1675 daAuts
     D:3: 958 daAuts
     D:4: 714 daAuts
